 Dungeon Crawl Stone Soup version 0.19.1 (webtiles) character file.

123 Faustar the Stinger (level 5, -1/31 HPs)
             Began as an Octopode Wizard on Dec 23, 2016.
             Was an Initiate of Sif Muna.
             Killed by divine providence
             ... invoked by an orc priest
              (17 damage)
             ... on level 3 of the Dungeon.
             The game lasted 00:12:07 (3018 turns).

Faustar the Stinger (Octopode Wizard)               Turns: 3018, Time: 00:12:09

Health: -1/31      AC:  1    Str: 12    XL:     5   Next: 7%
Magic:  9/9        EV: 13    Int: 22    God:    Sif Muna [......]
Gold:   109        SH:  0    Dex: 10    Spells: 3 memorised, 4 levels left

rFire  + . .     SeeInvis .     e - +0 club
rCold  + . .     Gourm    .     (no shield)
rNeg   . . .     Faith    .     a - +0 hat
rPois  .         Spirit   .     (no amulet)
rElec  .         Reflect  .     f - ring of protection from fire
rCorr  .         Harm     .     i - ring of protection from cold
MR     .....                    l - +6 ring of strength
Stlth  +++.......               n - ring of wizardry
                                (no ring)
                                (no ring)
                                (no ring)
                                (no ring)

@: no status effects
A: almost no armour, stealthy swim, amphibious, 8 rings, constrict 8, camouflage
1, gelatinous body 1
a: Renounce Religion


You were on level 3 of the Dungeon.
You worshipped Sif Muna.
Sif Muna was noncommittal.
You were hungry.

You visited 1 branch of the dungeon, and saw 3 of its levels.

You collected 109 gold pieces.

Inventory:

Hand Weapons
 e - a +0 club (weapon)
Armour
 a - a +0 hat (worn)
 m - a +0 large shield
Jewellery
 f - a ring of protection from fire (left tentacle)
 i - a ring of protection from cold (right tentacle)
 l - a +6 ring of strength (on tentacle)
 n - a ring of wizardry (on tentacle)
Scrolls
 d - 2 scrolls of identify {unknown}
 g - 3 scrolls of immolation {unknown}
 k - a scroll of blinking {unknown}
 o - a scroll of remove curse {unknown}
 u - a scroll of teleportation {unknown}
Potions
 h - 2 potions of flight {unknown}
 j - 3 potions of might {unknown}
 p - a potion of heal wounds {unknown}
 q - a potion of curing {unknown}
Books
 b - a book of Minor Magic

   Spells                             Type                      Level
   a - Magic Dart                     Conjuration                  1
   b - Blink                          Translocation                2
   c - Call Imp                       Summoning                    2
   d - Repel Missiles                 Charms/Air                   2
   e - Slow                           Hexes                        2
   f - Conjure Flame                  Conjuration/Fire             3
   g - Mephitic Cloud                 Conjuration/Poison/Air       3
 t - a book of Changes

   Spells                             Type                      Level
   a - Beastly Appendage              Transmutation                1
   b - Sticks to Snakes               Transmutation                2
   c - Spider Form                    Transmutation/Poison         3
   d - Ice Form                       Ice/Transmutation            4
   e - Blade Hands                    Transmutation                5
Comestibles
 c - 4 bread rations
 s - a meat ration


   Skills:
 - Level 2.0 Dodging
 - Level 2.6 Stealth
 - Level 3.0 Spellcasting
 + Level 2.4 Conjurations
 - Level 2.6 Summonings
   Level 1.0 Translocations
 - Level 3.4 Poison Magic


You had 4 spell levels left.
You knew the following spells:

 Your Spells              Type           Power        Failure   Level  Hunger
a - Magic Dart            Conj           ##..         2%          1    None
b - Call Imp              Summ           ##......     4%          2    ##.....
c - Mephitic Cloud        Conj/Pois/Air  ##......     7%          3    ###....


Dungeon Overview and Level Annotations

Branches:
Dungeon (3/15)

Altars:
Nemelex Xobeh
Sif Muna

Annotations:
D:3 tschems's ghost, amateur HuFi


Innate Abilities, Weirdness & Mutations

You cannot wear most types of armour.
You are very stealthy in the water. (Stealth+)
You are amphibious.
You can wear up to eight rings at the same time.
You can use your tentacles to constrict eight enemies at once.
Your skin changes colour to match your surroundings (Stealth+).
Your rubbery body absorbs attacks. (AC +1, EV +1)


Message History

Your squeeze misses the orc priest.
The orc priest is lightly wounded.
The orc priest closely misses you.
The orc priest calls down the wrath of Beogh upon you.
Beogh smites you!
You hit the orc priest but do no damage.
Your grab misses the orc priest. Your squeeze misses the orc priest.
The orc priest is lightly wounded.
The orc priest hits you with a club.
You closely miss the orc priest. You grab the orc priest.
The orc priest is lightly wounded.
You constrict the orc priest. The orc priest barely misses you.
You hit the orc priest but do no damage.
You squeeze the orc priest, but do no damage.
The orc priest is lightly wounded.
You constrict the orc priest, but do no damage.
The orc priest calls down the wrath of Beogh upon you.
Beogh smites you!
Ouch! That really hurt!
You die...

#...# #...######## ###..........#
##............# ###..#.........<#
#...##[.......).#
#.####..........# #.#
#...........# ####@#
#...........#
##..o.###...#.......#
####..#####....##########
#####....######...# ####...
#.....#####......######......
......#########.$.>#........##...
###............5###...###########
#....#....ยง###........# #
#$#.............#.....# ####


You could see an orc priest.

Vanquished Creatures
  5 adders
  An ooze (D:1)
  2 dart slugs (D:1)
  3 leopard geckos
  9 giant cockroaches
  3 goblins
  13 hobgoblins
  6 bats
  5 frilled lizards
  2 kobolds (D:2)
  3 rats
52 creatures vanquished.

Vanquished Creatures (collateral kills)
  An adder (D:3)
  An ooze (D:3)
  A worm (D:3)
  A goblin (D:3)
4 creatures vanquished.

Grand Total: 56 creatures vanquished

Notes
Turn   | Place    | Note
-------+----------+-------------------------------------------
     0 | D:1      | Faustar the Octopode Wizard began the quest for the Orb.
     0 | D:1      | Reached XP level 1. HP: 11/11 MP: 4/4
   129 | D:1      | Reached XP level 2. HP: 4/17 MP: 0/6
   436 | D:1      | Learned a level 2 spell: Call Imp
   718 | D:1      | Reached XP level 3. HP: 3/21 MP: 0/7
  1503 | D:2      | Learned a level 3 spell: Mephitic Cloud
  1701 | D:2      | Reached skill level 1 in Poison Magic
  1701 | D:2      | Reached XP level 4. HP: 27/27 MP: 5/8
  2054 | D:2      | Found a deep blue altar of Sif Muna.
  2125 | D:2      | Became a worshipper of Sif Muna the Loreminder
  2308 | D:3      | Noticed tschems's ghost (amateur HuFi)
  2569 | D:3      | Reached XP level 5. HP: 31/31 MP: 4/9
  2729 | D:3      | Found a sparkling altar of Nemelex Xobeh.
  3018 | D:3      | Killed from afar by an orc priest

Skill      XL: |  1  2  3  4 |
---------------+-------------+-----
Conjurations   | 2 |  2.4
Summonings     | 2 |  2.6
Poison Magic   | 1 3 |  3.4
Dodging        | |  2.0
Stealth        | |  2.6
Spellcasting   | |  3.0
Translocations | |  1.0

Action                   |  1- 3 |  4- 6 || total
-------------------------+-------+-------++-------
Melee: Club              |    30 |    25 ||    55
       Unarmed           |     5 |       ||     5
       Constrict         |     9 |     7 ||    16
       Tentacles         |     4 |     4 ||     8
 Cast: Magic Dart        |    59 |    40 ||    99
       Call Imp          |     1 |    11 ||    12
       Mephitic Cloud    |       |     1 ||     1
 Stab: Sleeping          |     2 |       ||     2
  Eat: Chunk             |     2 |     4 ||     6
Armor: Skin              |     4 |     2 ||     6
Dodge: Dodged            |    31 |    52 ||    83
